 Dungeon Crawl Stone Soup version 0.30-a0-883-g5ad918d77d (webtiles) character file.

Game seed: 9144289512616117037

2900 dialectric the Severer (level 9, -3/106 (112) HPs)
             Began as a Hill Orc Fighter on Mar 16, 2023.
             Was a Believer of Qazlal.
             Slain by a wight
             ... wielding a +0 dire flail
              (12 damage)
             ... on level 8 of the Dungeon on Mar 18, 2023.
             The game lasted 00:11:29 (6504 turns).

dialectric the Severer (Hill Orc Fighter)           Turns: 6504, Time: 00:11:30

HP:   -3/106 (112)  AC: 24    Str: 21    XL:     9   Next: 77%
MP:   9/9           EV:  2    Int: 14    God:    Qazlal [**....]
Gold: 131           SH:  2    Dex: 12    Spells: 8/8 levels left

rFire   . . .      SeeInvis .    H - +3 battleaxe
rCold   . . .      Faith    .    (shield currently unavailable)
rNeg    . . .      Spirit   .    b - melded +0 scale mail
rPois   +          Reflect  .    (helmet currently unavailable)
rElec   .          Rampage  .    (cloak currently unavailable)
rCorr   .          NoTele   +    (gloves currently unavailable)
Will    .....                    t - melded +0 pair of boots
Stlth   +                        (no amulet)
HPRegen 0.37/turn                n - +6 ring of intelligence
MPRegen 0.11/turn                (no ring)

@: tree-form, studying Axes, drained
A: stationary, stasis, torment immunity, boosted hp
a: Renounce Religion, Upheaval


You were on level 8 of the Dungeon.
You worshipped Qazlal.
Qazlal was pleased with you.
You were a tree.
You visited 2 branches of the dungeon, and saw 9 of its levels.

You collected 444 gold pieces.
You spent 313 gold pieces at shops.

Inventory:

Hand Weapons
 a - a +1 war axe
 B - a +6 heavy flail
 C - a +1 hand axe of freezing
 F - a +0 broad axe
 H - a +3 battleaxe (weapon)
Missiles
 A - a silver boomerang (quivered)
 I - 4 curare-tipped darts
Armour
 b - a +0 scale mail (melded)
 c - a +0 buckler
 e - a +0 tower shield
 t - a +0 pair of boots (melded)
Jewellery
 n - a +6 ring of intelligence (left branch)
 K - an amulet of magic regeneration
Wands
 v - a wand of charming (4)
 D - a wand of polymorph (11)
Scrolls
 f - 2 scrolls of fog {unknown}
 g - 2 scrolls of vulnerability {unknown}
 i - 3 scrolls of teleportation
 j - 2 scrolls of enchant weapon
 m - 5 scrolls of identify
 o - 4 scrolls of poison {unknown}
 s - 3 scrolls of blinking
 y - 3 scrolls of immolation {unknown}
 G - a scroll of torment {unknown}
 J - a scroll of magic mapping {unknown}
Potions
 d - a potion of might
 h - 2 potions of lignification
 k - 2 potions of brilliance {unknown}
 l - a potion of flight
 p - a potion of ambrosia {unknown}
 q - a potion of berserk rage {unknown}
 r - a potion of haste
 u - 2 potions of mutation {unknown}
 w - 2 potions of magic
 x - a potion of resistance {unknown}
 z - a potion of attraction {unknown}
 E - a potion of invisibility {unknown}


   Skills:
 + Level 6.3 Fighting
 * Level 15.0 Axes
 + Level 0.6 Throwing
 + Level 5.3 Armour
 + Level 2.5 Dodging
 + Level 5.5 Shields
 + Level 0.8 Evocations


You had 8 spell levels left.
You didn't know any spells.
Your spell library contained the following spells:

 Spells                   Type           Power      Damage    Failure   Level
 Apportation              Tloc           0%         N/A       28%         1
 Freeze                   Ice            0%         1d3       28%         1
 Necrotise                Necr           0%         1d4       28%         1
 Summon Small Mammal      Summ           0%         N/A       28%         1
 Cigotuvi's Dreadful Rot  Necr/Pois/Air  0%         N/A       41%         2
 Poisonous Vapours        Pois/Air       0%         N/A       41%         2
 Dazzling Flash           Conj/Hex       0%         N/A       65%         3
 Frozen Ramparts          Ice            0%         1d1       65%         3
 Hailstorm                Conj/Ice       0%         3d3       65%         3
 Ignite Poison            Fire/Tmut/Pois 0%         N/A       65%         3
 Ice Form                 Ice/Tmut       0%         N/A       96%         4
 Agony                    Necr           0%         N/A       100%        5
 Silence                  Hex/Air        0%         N/A       100%        5
 Simulacrum               Ice/Necr       0%         N/A       100%        6
 Summon Hydra             Summ           0%         N/A       100%        7


Dungeon Overview and Level Annotations

Branches:
Dungeon (8/15)             Temple (1/1) D:7
   Lair: D:8-11

Altars:
Ashenzari
Cheibriados
Dithmenos
Elyvilon
Fedhas
Hepliaklqana
Kikubaaqudgha
Makhleb
Nemelex Xobeh
Qazlal
Sif Muna
Trog
Uskayaw
Wu Jian
Xom
Yredelemnul
Zin
The Shining One

Shops:
D:4 ?[   D:7 (?!


Message History

* * * LOW HITPOINT WARNING * * *
The wight freezes you.
* * * LOW HITPOINT WARNING * * *
It was a potion of lignification.
You turn into a tree.
Your +0 pair of boots melds into your body.
Your +0 scale mail melds into your body.
Your roots penetrate the ground.
The wight hits you with a +1 falchion of freezing.
* * * LOW HITPOINT WARNING * * *
The wight freezes you.
* * * LOW HITPOINT WARNING * * *
You closely miss the wight.
The wight is almost destroyed.
The wight hits you but does no damage.
You slash the wight!
You destroy the wight!
Qazlal accepts your kill.
Your Axes skill increases to level 15!
You hit the wight but do no damage. The wight hits you but does no damage.
You slash the wight!
The wight is severely damaged.
The wight hits you with a +0 dire flail!
* * * LOW HITPOINT WARNING * * *
You completely miss the wight.
The wight is severely damaged.
The wight barely misses you.
You hit the wight but do no damage.
The wight is severely damaged.
The wight hits you with a +0 dire flail.
* * * LOW HITPOINT WARNING * * *
You closely miss the wight.
The wight is severely damaged.
The wight hits you but does no damage.
You hit the wight but do no damage.
The wight is severely damaged.
The wight hits you but does no damage.
You barely miss the wight.
The wight is severely damaged.
The wight hits you with a +0 dire flail!
You die...

#...##.# ######.#
### #.# .# ..#
###.# .# #.# ##.#.#
..#
#####.###.#..#.[.#
#...#.##.###.#...##
#...........#....
#...#♣##.#.....#...
## #z###......>..#
......).#
##.#.######
.###z##.# ###.# #
#.# #.# #.# #+# #.#
#.# ..#


You could see a wight.

Vanquished Creatures
  Prince Ribbit (D:5)
  Edmund (D:6)
  A black bear (D:4)
  A sky beast (D:7)
  An orc warrior (D:7)
  An ice beast (D:6)
  2 ogres
  2 centaurs (D:7)
  A phantom (D:4)
  A bullfrog (D:7)
  4 scorpions
  7 wights
  2 howler monkeys
  A jelly (D:6)
  7 hounds
  An orc priest (D:7)
  2 iguanas
  6 orc wizards
  7 adders
  A shadow imp (D:6)
  2 white imps (D:7)
  2 ufetubi
  3 worms
  12 dart slugs
  22 orcs
  11 endoplasms
  3 giant cockroaches
  10 goblins
  7 hobgoblins
  4 jackals (D:1)
  A quokka (D:2)
  11 ball pythons
  6 bats
  4 frilled lizards
  8 kobolds
  4 rats
160 creatures vanquished.

Vanquished Creatures (collateral kills)
  A manticore (D:7)
  A white imp (D:7)
2 creatures vanquished.

Vanquished Creatures (others)
  An ogre (D:6)
  An orc warrior (D:6)
  A killer bee (D:7)
3 creatures vanquished.

Grand Total: 165 creatures vanquished

Notes
Turn   | Place    | Note
-------+----------+-------------------------------------------
     0 | D:1      | dialectric the Hill Orc Fighter began the quest for the
                  | Orb.
     0 | D:1      | Reached XP level 1. HP: 19/19 MP: 1/1
    85 | D:1      | Reached XP level 2. HP: 27/27 MP: 2/2
   142 | D:1      | Reached skill level 3 in Axes
   249 | D:1      | Found a faded altar of an unknown god.
   342 | D:1      | Reached XP level 3. HP: 33/33 MP: 3/3
   866 | D:2      | Reached skill level 1 in Dodging
   869 | D:2      | Reached XP level 4. HP: 35/40 MP: 4/4
  1161 | D:2      | Reached skill level 4 in Axes
  1363 | D:3      | Reached XP level 5. HP: 46/46 MP: 5/5
  1580 | D:3      | Reached skill level 5 in Axes
  1821 | D:3      | Found a glowing silver altar of Zin.
  1839 | D:3      | Found a stormy altar of Qazlal.
  1885 | D:3      | Became a worshipper of Qazlal Stormbringer
  2142 | D:4      | Found Moff's Magic Scroll Boutique.
  2150 | D:4      | Noticed a phantom
  2161 | D:4      | Killed a phantom
  2162 | D:4      | Reached skill level 6 in Axes
  2162 | D:4      | Reached XP level 6. HP: 48/52 MP: 6/6
  2176 | D:4      | Bought a scroll of teleportation for 39 gold pieces
  2291 | D:4      | Found Woneclao's Armour Emporium.
  2301 | D:4      | Noticed a black bear
  2309 | D:4      | Killed a black bear
  2310 | D:4      | Reached skill level 7 in Axes
  2423 | D:4      | Bought a +0 pair of boots for 54 gold pieces
  2691 | D:5      | Entered Level 5 of the Dungeon
  2736 | D:5      | Reached XP level 7. HP: 49/59 MP: 7/7
  2804 | D:5      | Noticed Prince Ribbit
  2817 | D:5      | Killed Prince Ribbit
  2818 | D:5      | Reached skill level 8 in Axes
  2905 | D:5      | Found a snail-covered altar of Cheibriados.
  2994 | D:5      | Reached skill level 9 in Axes
  3086 | D:5      | Found a shimmering blue altar of Sif Muna.
  3396 | D:6      | Reached XP level 8. HP: 51/67 MP: 8/8
  3416 | D:6      | Reached skill level 10 in Axes
  3796 | D:6      | Noticed Edmund
  3800 | D:6      | Reached * piety under Qazlal
  3933 | D:6      | Killed Edmund
  3934 | D:6      | Reached skill level 11 in Axes
  4185 | D:6      | Found a broken altar of Ashenzari.
  4336 | D:6      | Reached skill level 5 in Fighting
  4469 | D:6      | Found a white marble altar of Elyvilon.
  4939 | D:7      | Found Hiyppioz's Magic Scroll Boutique.
  4939 | D:7      | Found Rof Niab's Distillery.
  5182 | D:6      | Reached skill level 12 in Axes
  5316 | D:7      | Got Rafryq's Elucidation of the Generative Queen Bee
  5323 | D:7      | Found a staircase to the Ecumenical Temple.
  5327 | D:7      | Bought a scroll of blinking for 90 gold pieces
  5327 | D:7      | Found a basalt altar of Yredelemnul.
  5340 | Temple   | Entered the Ecumenical Temple
  5482 | D:7      | Bought a potion of haste for 130 gold pieces
  5505 | D:7      | Reached XP level 9. HP: 73/74 MP: 9/9
  5513 | D:7      | Reached skill level 5 in Shields
  5559 | D:7      | Reached skill level 13 in Axes
  5821 | D:7      | Noticed a manticore
  5852 | D:7      | Noticed a two-headed ogre
  5982 | D:7      | Found a hazy altar of Hepliaklqana.
  6126 | D:7      | Reached ** piety under Qazlal
  6139 | D:7      | Killed a manticore
  6140 | D:7      | Reached skill level 14 in Axes
  6140 | D:7      | Reached skill level 5 in Armour
  6368 | D:7      | Found Wimiull's Antique Weapon Shoppe.
  6498 | D:8      | Reached skill level 15 in Axes
  6504 | D:8      | Slain by a wight

Illustrated notes

Levels and vault maps discovered:
D:1:      shiori_shiawase, layout_loops_ring,
          shapermc_ecumenical_altar_mp_highgroup, kennysheep_doodads,
          chequers_serial_rivers_micro_a
D:2:      layout_rooms
D:3:      kennysheep_slugbush, layout_rooms, mainiacjoe_overflow_cross_hatched,
          zin_treasury, grunt_decor_one_mirror, hangedman_decor_slide_cut
D:4:      layout_basic, kennysheep_mini, serial_shops, nicolae_stop_n_shop_2,
          nicolae_inconvenience_store
D:5:      layout_rooms, mainiacjoe_overflow_small_starburst, slow_altar_2,
          uniq_prince_ribbit1
D:6:      layout_basic, evilmike_ruin_ashenzari, kennysheep_mini_moat,
          minmay_misc_feat_ornament, uniq_edmund
D:7:      cheibrodos_barr_body, layout_rooms, mainiacjoe_overflow_chevrons,
          mainiacjoe_overflow_boulevard, minmay_temple_entry_offerings,
          serial_shops, shop, nicolae_shop_stone, shop, minmay_splitting_lines
D:8:      layout_loops_corners, mainiacjoe_overflow_tiny_flanked,
          ebering_ghost_inner_flame
Temple:   hellmonk_temple_micro_hex

Skill      XL: |  1  2  3  4  5  6  7  8  9 |
---------------+----------------------------+-----
Axes           | 3 4 6 7 9 12 15 | 15.0
Fighting       | 4 5 6 |  6.3
Armour         | 4 5 |  5.3
Dodging        | 1 2 |  2.5
Shields        | 4 5 |  5.5
Throwing       | |  0.6
Evocations     | |  0.8

Action                     |  1- 3 |  4- 6 |  7- 9 || total
---------------------------+-------+-------+-------++-------
  Melee: War axe           |   107 |   183 |   129 ||   419
         Hand axe          |       |       |   122 ||   122
         Battleaxe         |       |       |    27 ||    27
  Throw: Boomerang         |       |       |     7 ||     7
  Evoke: Wand              |       |       |     8 ||     8
    Use: Scroll            |       |     1 |     3 ||     4
         Potion            |       |       |     3 ||     3
 Armour: Scale mail        |    42 |    93 |   102 ||   237
         Skin              |       |       |     4 ||     4
  Dodge: Dodged            |    76 |    88 |   112 ||   276
  Block: Buckler           |    27 |    48 |    64 ||   139
         Other             |       |       |     1 ||     1

Table legend: (Time is in decaauts)
 A = Elapsed time spent in this place.
 B = Non-inter-level travel time spent in this place.
 C = Inter-level travel time spent in this place.
 D = Time resting spent in this place.
 E = Time spent auto-exploring this place.
 F = Levels seen in this place.
 G = Mean time per level.
                   A        B        C        D        E       F      G
               +--------+--------+--------+--------+--------+-----+--------+
         Total |   6590 |   6318 |    272 |    502 |   4217 |   9 |  732.2 |
       Dungeon |   6588 |   6316 |    272 |    502 |   4217 |   8 |  823.5 |
        Temple |      1 |      1 |      0 |      0 |      0 |   1 |    1.0 |
               +--------+--------+--------+--------+--------+-----+--------+

Top non-repeatable levels by time:
     D:6: 1883 daAuts
     D:7: 1044 daAuts
     D:1: 815 daAuts
     D:4: 790 daAuts
     D:5: 787 daAuts
     D:3: 617 daAuts
     D:2: 574 daAuts
     D:8: 75 daAuts
  Temple: 1 daAuts
